 Dungeon Crawl Stone Soup version 0.25-a0-317-g5f8687bca5 (webtiles) character file.

Game seed: 12746427270807145930, levelgen mode: deterministic

2492 DerDa the Magician (level 9, -1/53 HPs)
             Began as an Octopode Fire Elementalist on Dec 27, 2019.
             Was an Initiate of Sif Muna.
             Slain by Harold
             ... wielding a +0 glaive
              (14 damage)
             ... on level 7 of the Dungeon.
             The game lasted 00:24:06 (6159 turns).

DerDa the Magician (Octopode Fire Elementalist)     Turns: 6159, Time: 00:24:06

Health: -1/53      AC:  1    Str:  8    XL:     9   Next: 52%
Magic:  13/20      EV: 13    Int: 23    God:    Sif Muna [......]
Gold:   20         SH:  5    Dex: 12    Spells: 10/23 levels left

rFire    . . .     SeeInvis .   m - +1 dagger (venom)
rCold    . . .     Gourm    .   r - +0 buckler
rNeg     . . .     Faith    .   (helmet restricted)
rPois    .         Spirit   .   u - amulet of magic regeneration
rElec    .         Reflect  .   h - +3 ring of intelligence
rCorr    .         Harm     .   i - ring of flight
MR       .....                  (no ring)
Stlth    +++.......             (no ring)
HPRegen  0.17/turn              (no ring)
MPRegen  0.42/turn              (no ring)
                                (no ring)
                                (no ring)

@: marked
A: almost no armour, stealthy swim, amphibious, 8 rings, constrict 8, camouflage
1, gelatinous body 1
a: Renounce Religion, Evoke Flight


You were on level 7 of the Dungeon.
You worshipped Sif Muna.
Sif Muna was noncommittal.
You were not hungry.

You visited 2 branches of the dungeon, and saw 8 of its levels.

You collected 317 gold pieces.
You spent 297 gold pieces at shops.

Inventory:

Hand Weapons
 a - a +0 club
 m - a +1 dagger of venom (weapon)
 C - a +0 dire flail of draining
Missiles
 d - 254 stones
 z - 11 poisoned darts (quivered)
Armour
 r - a +0 buckler (worn)
Jewellery
 h - a +3 ring of intelligence (left tentacle)
 i - a ring of flight (right tentacle)
 u - an amulet of magic regeneration (around mantle)
Wands
 t - a wand of random effects (10)
 w - a wand of polymorph (8)
Scrolls
 e - 4 scrolls of blinking
 f - 2 scrolls of teleportation
 j - 2 scrolls of magic mapping
 n - 7 scrolls of remove curse
 p - 3 scrolls of immolation
 y - 2 scrolls of fear
 E - a scroll of fog
 F - a scroll of enchant armour
Potions
 c - 2 potions of mutation
 g - 2 potions of berserk rage {unknown}
 k - a potion of cancellation {unknown}
 l - 2 potions of lignification {unknown}
 o - a potion of agility {unknown}
 s - a potion of might {unknown}
 x - 2 potions of brilliance {unknown}
 B - a potion of resistance {unknown}
Comestibles
 b - 11 rations
 A - 8 chunks of flesh


   Skills:
 + Level 1.2 Fighting
 - Level 2.0 Dodging
 - Level 2.6 Stealth
 - Level 4.0 Shields
 * Level 7.5 Spellcasting
 * Level 5.8 Conjurations
 * Level 6.5 Fire Magic
 + Level 1.3 Invocations
 + Level 1.3 Evocations


You had 10 spell levels left.
You knew the following spells:

 Your Spells              Type           Power        Failure   Level  Hunger
a - Foxfire               Conj/Fire      ####         1%          1    None
b - Conjure Flame         Conj/Fire      #####...     1%          3    None
c - Sticky Flame          Conj/Fire      #####...     5%          4    ###....
d - Fireball              Conj/Fire      #####.....   16%         5    #####..

Your spell library contained the following spells:

 Spells                   Type           Power        Failure   Level  Hunger
 Inner Flame              Hex/Fire       ###.....     5%          3    None


Dungeon Overview and Level Annotations

Branches:
Dungeon (7/15)             Temple (1/1) D:6

Altars:
Ashenzari
Cheibriados
Dithmenos
Elyvilon
Fedhas
Gozag
Hepliaklqana
Kikubaaqudgha
Makhleb
Nemelex Xobeh
Okawaru
Qazlal
Ru
Sif Muna
Trog
Uskayaw
Vehumet
Wu Jian
Xom
Yredelemnul
Zin
The Shining One

Shops:
D:7 ?

Annotations:
D:7 Harold


Innate Abilities, Weirdness & Mutations

You cannot wear most types of armour.
You are very stealthy in the water. (Stealth+)
You are amphibious.
You can wear up to eight rings at the same time.
You can use your tentacles to constrict eight enemies at once.
Your skin changes colour to match your surroundings (Stealth+).
Your rubbery body absorbs attacks. (AC +1, EV +1)


Message History

Aim: Harold, wielding a +0 glaive, wearing a +0 scale mail and quivering 3 throwing nets (severely wounded)
The sticky flame hits Harold.
Harold is severely wounded.
Harold is covered in liquid flames!
Harold burns!
Harold misses you.
Harold burns!
Harold hits you from afar with a +0 glaive!
* * * LOW HITPOINT WARNING * * *
You feel better.
Harold burns!
Harold says happily, "The price on your head will fill my nest egg nicely!"
Harold closely misses you.
Casting: Sticky Flame (safe; 5% risk of failure)
Confirm with . or Enter, or press ? or * to list all spells.
Aiming: Fireball (quite dangerous; 16% risk of failure)
Press: ? - help, Shift-Dir - straight line, f/p - Harold
Aim: Harold, wielding a +0 glaive, wearing a +0 scale mail and quivering 3 throwing nets (severely wounded, covered in liquid flames)
The fireball explodes!
The fireball engulfs Harold.
Harold is almost dead.
Harold burns!
Harold stops burning.
Harold hits you from afar with a +0 glaive!
You die...

### o. #..
..o.###.###
{.........# #.#
####o#.##.#
#####.@.......#
###.....####.####
#...#.∩@# .#
#.......# #
#..(..#.#
.######.......#
..............#
#####.#÷......# #
#<<÷....#
#.)..#### #.##.#


You could see Harold.

Vanquished Creatures
  Sigmund (D:4)
  3 orc warriors (D:6)
  2 sky beasts
  3 phantoms (D:5)
  An ice beast (D:5)
  2 ogres
  A centaur (D:5)
  3 bullfrogs
  3 scorpions
  3 howler monkeys
  2 crimson imps (D:5)
  A quasit (D:5)
  A hound (D:4)
  A jelly (D:5)
  A bullfrog skeleton (D:4)
  A centaur skeleton (D:6)
  4 iguanas
  4 worker ants
  Ijyb (D:5)
  Natasha (thrice) (D:2)
  2 orc wizards
  A hound zombie (D:6)
  3 gnolls (D:3)
  7 adders
  2 shadow imps (D:5)
  An adder skeleton (D:6)
  2 worms
  3 dart slugs
  2 leopard geckos
  17 orcs
  2 ball pythons
  3 giant cockroaches
  8 goblins
  8 hobgoblins
  10 jackals
  A quokka (D:3)
  7 bats
  5 frilled lizards
  7 kobolds
  6 rats
138 creatures vanquished.

Vanquished Creatures (others)
  231 foxfires
231 creatures vanquished.

Grand Total: 369 creatures vanquished

Notes
Turn   | Place    | Note
-------+----------+-------------------------------------------
     0 | D:1      | DerDa the Octopode Fire Elementalist began the quest for
                  | the Orb.
     0 | D:1      | Reached XP level 1. HP: 11/11 MP: 3/3
   204 | D:1      | Reached XP level 2. HP: 15/17 MP: 0/5
   622 | D:1      | Reached XP level 3. HP: 21/21 MP: 5/7
   759 | D:2      | Noticed Natasha
   764 | D:2      | Killed Natasha
   764 | D:2      | Reached skill level 3 in Spellcasting
   775 | D:2      | Learned a level 3 spell: Conjure Flame
   888 | D:2      | Reached XP level 4. HP: 16/27 MP: 0/8
  1101 | D:2      | Noticed Natasha
  1112 | D:2      | Killed Natasha
  1370 | D:2      | Noticed Natasha
  1380 | D:2      | Killed Natasha
  1380 | D:2      | Reached XP level 5. HP: 15/31 MP: 8/10
  1439 | D:2      | Learned a level 4 spell: Sticky Flame
  1984 | D:3      | Reached skill level 4 in Spellcasting
  2139 | D:3      | Reached skill level 1 in Shields
  2139 | D:3      | Reached XP level 6. HP: 25/36 MP: 6/12
  2382 | D:3      | Learned a level 5 spell: Fireball
  2420 | D:3      | Noticed a sky beast
  2541 | D:3      | Killed a sky beast
  3210 | D:4      | Reached XP level 7. HP: 41/41 MP: 8/14
  3315 | D:4      | Noticed Sigmund
  3325 | D:4      | Killed Sigmund
  3325 | D:4      | Reached skill level 5 in Spellcasting
  3689 | D:4      | Reached XP level 8. HP: 34/46 MP: 6/15
  3732 | D:5      | Entered Level 5 of the Dungeon
  3732 | D:5      | Noticed Ijyb
  3736 | D:5      | Killed Ijyb
  3792 | D:5      | Reached skill level 5 in Fire Magic
  4043 | D:5      | Reached skill level 6 in Spellcasting
  4928 | D:5      | Reached skill level 5 in Conjurations
  4984 | D:6      | Reached XP level 9. HP: 45/51 MP: 14/19
  5004 | D:6      | Reached skill level 7 in Spellcasting
  5199 | D:6      | Found a staircase to the Ecumenical Temple.
  5236 | Temple   | Entered the Ecumenical Temple
  5265 | Temple   | Became a worshipper of Sif Muna the Loreminder
  5484 | D:6      | Found an ornate altar of the Wu Jian Council.
  5840 | D:6      | Reached skill level 1 in Invocations
  5840 | D:6      | Reached skill level 1 in Evocations
  5969 | D:7      | Found Zourphoagg's Magic Scroll Emporium.
  5975 | D:6      | Reached skill level 1 in Fighting
  6136 | D:7      | Bought a scroll of magic mapping for 45 gold pieces
  6136 | D:7      | Bought a scroll of identify for 26 gold pieces
  6136 | D:7      | Bought a scroll of magic mapping for 45 gold pieces
  6136 | D:7      | Bought a scroll of random uselessness for 13 gold pieces
  6136 | D:7      | Bought a scroll of fear for 45 gold pieces
  6136 | D:7      | Bought a scroll of fog for 26 gold pieces
  6136 | D:7      | Bought a scroll of enchant armour for 97 gold pieces
  6141 | D:7      | Noticed Harold
  6156 | D:7      | HP: 2/53 [Harold/+0 glaive (14)]
  6159 | D:7      | Slain by Harold

Levels and vault maps discovered:
D:1:      tarquinn_simple_flora_water_d, layout_basic,
          kennysheep_decorative_pillar, minmay_pentomino_q2
D:2:      layout_loops_ring, first_ration, uniq_natasha
D:3:      layout_loops_ring, hex_tiny
D:4:      layout_loops_ring, minmay_stone_trees_large, uniq_sigmund
D:5:      layout_rooms, grunt_tough_drop, uniq_ijyb
D:6:      layout_loops_ring, nicolae_overflow_crystal_walls,
          minmay_temple_entry_glass
D:7:      layout_loops_cross, serial_shops, nicolae_shop_stone,
          nicolae_shop_overgrown_old_shop, shop, nicolae_shop_stone,
          grunt_ogre_cave, uniq_harold
Temple:   regret_index_temple_sigil_plot

Skill      XL: |  1  2  3  4  5  6  7  8  9 |
---------------+----------------------------+-----
Spellcasting   | 3 4 5 6 7 |  7.5
Conjurations   | 2 3 5 |  5.8
Fire Magic     | 4 5 6 |  6.5
Shields        | 1 2 3 4 |  4.0
Invocations    | 1 |  1.3
Evocations     | 1 |  1.3
Fighting       | 1 |  1.2
Dodging        | |  2.0
Stealth        | |  2.6

Action                   |  1- 3 |  4- 6 |  7- 9 || total
-------------------------+-------+-------+-------++-------
Melee: Club              |    19 |     1 |       ||    20
       Constrict         |     5 |    26 |    23 ||    54
       Unarmed           |     1 |       |       ||     1
       Tentacles         |     1 |     9 |    16 ||    26
       Dagger            |       |    72 |    76 ||   148
Throw: Dart              |       |       |     1 ||     1
 Cast: Foxfire           |    39 |    40 |    61 ||   140
       Sticky Flame      |       |     4 |    37 ||    41
       Fireball          |       |       |     1 ||     1
  Use: Scroll            |       |     5 |     4 ||     9
       Potion            |       |       |     5 ||     5
 Stab: Sleeping          |       |     6 |     7 ||    13
  Eat: Chunk             |       |     8 |    14 ||    22
Armor: Skin              |     2 |     2 |     3 ||     7
Dodge: Dodged            |    19 |    39 |    70 ||   128
Block: Buckler           |       |     3 |    25 ||    28

Table legend:
 A = Non-vault XP
 B = Vault XP
 C = Vault XP percentage of total XP
 D = Non-vault monster count
 E = Vault monster count
 F = Vault count percentage of total count
                 A         B        C        D         E       F
            +---------+---------+-------+---------+---------+-------
      Total |    3177 |     384 |  10.8 |     131 |       7 |   5.1
            +---------+---------+-------+---------+---------+-------
        D:1 |      32 |       2 |   5.9 |      20 |       2 |   9.1
        D:2 |      98 |      35 |  26.3 |      15 |       1 |   6.2
        D:3 |     325 |       0 |   0.0 |      33 |       0 |   0.0
        D:4 |     480 |     231 |  32.5 |      18 |       1 |   5.3
        D:5 |     990 |     116 |  10.5 |      18 |       3 |  14.3
        D:6 |    1020 |       0 |   0.0 |      22 |       0 |   0.0
        D:7 |     232 |       0 |   0.0 |       5 |       0 |   0.0
            +---------+---------+-------+---------+---------+-------
